 Dungeon Crawl Stone Soup version 0.25.1-2-g60ff931df9 (webtiles) character file.

Game seed: 4184022470801379082

270 gruber the Chopper (level 6, 0/55 HPs)
             Began as a Deep Dwarf Fighter on Aug 20, 2020.
             Killed by divine providence
             ... invoked by an orc priest
              (11 damage)
             ... on level 3 of the Dungeon.
             The game lasted 00:02:33 (1486 turns).

gruber the Chopper (Deep Dwarf Fighter)             Turns: 1486, Time: 00:02:34

Health: 0/55       AC:  8    Str: 22    XL:     6   Next: 1%
Magic:  6/6        EV:  7    Int:  8    God:
Gold:   94         SH:  9    Dex: 12    Spells: 5/5 levels left

rFire    . . .     SeeInvis .   a - +0 war axe
rCold    . . .     Gourm    .   c - +0 kite shield
rNeg     . . .     Faith    .   b - +0 scale mail
rPois    .         Spirit   .   (no helmet)
rElec    .         Reflect  .   (no cloak)
rCorr    .         Harm     .   (no gloves)
MR       .....                  r - +0 pair of boots (curse)
Stlth    ..........             (no amulet)
HPRegen  0.00/turn              (no ring)
MPRegen  0.10/turn              (no ring)

@: non-regenerating
A: damage resistance, heal wounds, sense surroundings 1, no regeneration
a: Heal Wounds


You were on level 3 of the Dungeon.
You were not hungry.

You visited 1 branch of the dungeon, and saw 3 of its levels.

You collected 94 gold pieces.

Inventory:

Hand Weapons
 a - a +0 war axe (weapon)
Armour
 b - a +0 scale mail (worn)
 c - a +0 kite shield (worn)
 r - a cursed +0 pair of boots (worn)
Scrolls
 h - 2 scrolls of identify {unknown}
 i - 3 scrolls of teleportation {unknown}
 k - a scroll of noise {unknown}
 l - a scroll of enchant armour {unknown}
 m - a scroll of remove curse {unknown}
 n - a scroll of amnesia {unknown}
Potions
 d - 2 potions of might
 e - a potion of degeneration {unknown}
 g - a potion of invisibility {unknown}
 j - a potion of haste {unknown}
 p - a potion of ambrosia {unknown}
 q - a potion of curing {unknown}
 s - 2 potions of stabbing {unknown}
Comestibles
 f - 5 rations
 o - 7 chunks of flesh


   Skills:
 - Level 2.6 Fighting
 + Level 7.0 Axes
 - Level 3.2 Armour
 - Level 3.2 Shields


You had 5 spell levels left.
You didn't know any spells.
Your spell library was empty.

Dungeon Overview and Level Annotations

Branches:
Dungeon (3/15)

Altars:
Ashenzari


Innate Abilities, Weirdness & Mutations

You are resistant to damage.
You can heal yourself by infusing magical energy.
You passively map a small area around you.
You do not regenerate.


Message History

* * * LOW HITPOINT WARNING * * *
You barely miss the orc priest.
The orc priest is severely wounded.
You hit the goblin.
You kill the goblin!
You block the orc priest's attack.
Your shield prevents you from hitting the orc priest.
The orc priest is severely wounded.
You hit the kobold.
You kill the kobold!
You block the orc priest's attack.
You completely miss the orc priest.
The orc priest is severely wounded.
The orc priest hits you but does no damage.
Some of the chunks of flesh in your inventory have rotted away.
You completely miss the orc priest.
The orc priest is severely wounded.
The orc priest mumbles some strange prayers to Beogh against you.
Beogh smites you!
You die...

#.#############(.####.#
**
#.............†.......#
*################.######
* *, #.## , #..# * *
*#### #).# * ..... *
######)## ,
......###...##).# **,
...[..o@.......># ,
......)##...#####
,....... #...#
.......*##### * ,
....... ###'##. * , ..
.. ## *## * *


You could see an orc priest.

Vanquished Creatures
  2 orc priests (D:3)
  3 orc wizards (D:3)
  3 adders
  An ooze (D:2)
  4 dart slugs
  A leopard gecko (D:1)
  5 orcs (D:3)
  6 bats
  3 giant cockroaches
  6 goblins
  5 hobgoblins
  4 jackals (D:1)
  9 kobolds
  2 quokkas
  2 ball pythons (D:1)
  4 frilled lizards
  7 rats
67 creatures vanquished.

Vanquished Creatures (others)
  An orc wizard (D:3)
1 creature vanquished.

Grand Total: 68 creatures vanquished

Notes
Turn   | Place    | Note
-------+----------+-------------------------------------------
     0 | D:1      | gruber the Deep Dwarf Fighter began the quest for the Orb.
     0 | D:1      | Reached XP level 1. HP: 20/20 MP: 1/1
    58 | D:1      | Reached skill level 3 in Axes
    58 | D:1      | Reached XP level 2. HP: 27/27 MP: 2/2
   382 | D:1      | Reached XP level 3. HP: 30/33 MP: 3/3
   455 | D:1      | Reached skill level 4 in Axes
   764 | D:2      | Found a shattered altar of Ashenzari.
  1218 | D:3      | Reached skill level 5 in Axes
  1218 | D:3      | Reached XP level 4. HP: 21/40 MP: 4/4
  1323 | D:3      | Reached XP level 5. HP: 21/46 MP: 5/5
  1435 | D:3      | Reached skill level 6 in Axes
  1471 | D:3      | Reached skill level 7 in Axes
  1472 | D:3      | Reached XP level 6. HP: 26/55 MP: 6/6
  1486 | D:3      | Killed from afar by an orc priest

Illustrated notes

Levels and vault maps discovered:
D:1:      eino_arrival_cavern_d, layout_loops_ring, grunt_decor_cap,
          chequers_serial_rivers_room_b, minmay_pentomino_v2
D:2:      layout_basic, evilmike_ruin_ashenzari, supply_closet_lemuel
D:3:      layout_basic

Skill      XL: |  1  2  3  4  5 |
---------------+----------------+-----
Axes           | 3 5 7 |  7.0
Fighting       | |  2.6
Armour         | |  3.2
Shields        | |  3.2

Action                   |  1- 3 |  4- 6 || total
-------------------------+-------+-------++-------
Melee: War axe           |   123 |    77 ||   200
 Abil: Heal Wounds       |       |     3 ||     3
  Eat: Chunk             |     1 |     1 ||     2
Armor: Scale mail        |    46 |    35 ||    81
Dodge: Dodged            |    46 |    20 ||    66
Block: Kite shield       |    71 |    40 ||   111
